SNL (28 & UNDER)
SALEM SILVER SOULS @ WEST VIRGINIA POWER
06/19/2026
 
TOP OF THE 1ST
Salem Silver Souls batting - Pitching for West Virginia Power : RHP Brad Flores
Pitching: RHP Brad Flores
Batting: LHB Jermaine Carter 0-0: Ball
1-0: Called Strike
1-1: Called Strike
1-2: Foul Ball, location: 2F
1-2: Strikes out looking
Batting: RHB Mario Méndez 0-0: Ball
1-0: Called Strike
1-1: Ball
2-1: Called Strike
2-2: Foul Ball, location: 2F
2-2: DOUBLE (Flyball, 78XD)
Batting: LHB Raúl Cordero 0-0: Ground out 1-3 (Groundball, 13)
Mario Méndez to third
Batting: LHB Millard Dye 0-0: Fly out, F9 (Line Drive, 9D)
Top of the 1st over - 0 run(s), 1 hit(s), 0 error(s), 1 left on base; Salem 0 - West Virginia 0
BOTTOM OF THE 1ST
West Virginia Power batting - Pitching for Salem Silver Souls : RHP António Rodríguez
Pitching: RHP António Rodríguez
Batting: LHB Júlio Martínez 0-0: Ball
1-0: SINGLE (Line Drive, 6MD)
Batting: LHB Héctor Cruz 0-0: Called Strike
0-1: Swinging Strike
0-2: Ball
Júlio Martínez is caught stealing 2nd base
1-2: Strikes out swinging
Batting: RHB Aaron Murray 0-0: Ball
1-0: Called Strike
1-1: Ball
2-1: Swinging Strike
2-2: Foul Ball, location: 2F
2-2: Foul Ball, location: 2F
2-2: Ball
3-2: Strikes out looking
Bottom of the 1st over - 0 run(s), 1 hit(s), 0 error(s), 0 left on base; Salem 0 - West Virginia 0
TOP OF THE 2ND
Salem Silver Souls batting - Pitching for West Virginia Power : RHP Brad Flores
Batting: LHB Ezechiele Bruno 0-0: Ball
1-0: Foul Ball, location: 2F
1-1: Called Strike
1-2: Foul Ball, location: 2F
1-2: Ball
2-2: SINGLE (Line Drive, 78S)
Batting: RHB Gabriel Miranda 0-0: Swinging Strike
0-1: Swinging Strike
0-2: Foul Ball, location: 2F
0-2: Strikes out looking
Batting: RHB Gustavo Pagán 0-0: Ball
1-0: Foul Ball, location: 2F
1-1: Ball
2-1: Foul Ball, location: 2F
2-2: Ball
3-2: Ground out U3 (Groundball, 3S)
Ezechiele Bruno to second
Batting: RHB Augusto Baiano 0-0: Called Strike
0-1: Foul Ball, location: 2F
0-2: Ball
1-2: Strikes out swinging
Top of the 2nd over - 0 run(s), 1 hit(s), 0 error(s), 1 left on base; Salem 0 - West Virginia 0
BOTTOM OF THE 2ND
West Virginia Power batting - Pitching for Salem Silver Souls : RHP António Rodríguez
Batting: RHB Dave McGrath 0-0: Ball
1-0: Ball
2-0: Ball
3-0: Called Strike
3-1: Foul Ball, location: 2F
3-2: Base on Balls
Batting: RHB Ben Dougherty 0-0: Ball
1-0: SINGLE (Line Drive, 4D)
Dave McGrath to second
Batting: RHB Jesse McKnight 0-0: Ball
Wild Pitch!
Dave McGrath to third
Ben Dougherty to second
1-0: Called Strike
1-1: Ball
2-1: Foul Ball, location: 2F
2-2: Foul Ball, location: 2F
2-2: Ball
Wild Pitch!
Dave McGrath scores
Ben Dougherty to third
3-2: Foul Ball, location: 2F
3-2: Foul Ball, location: 2F
3-2: Foul Ball, location: 2F
3-2: Base on Balls
Batting: RHB Tony Parker 0-0: Ball
1-0: Ball
2-0: Ball
3-0: Called Strike
3-1: Called Strike
3-2: Base on Balls
Jesse McKnight to second
Batting: LHB Lúcio Anaya 0-0: Foul Ball, location: 2F
0-1: DOUBLE (Flyball, 7LS)
Ben Dougherty scores
Jesse McKnight scores
Tony Parker to third
Batting: SHB Waylon Adams 0-0: Foul Ball, location: 2F
0-1: Ball
1-1: SINGLE (Groundball, 34D)
Tony Parker scores
Lúcio Anaya to third
Runner from 3rd tries for Home, SAFE, no throw or cutoff
Batting: LHB Júlio Martínez 0-0: Ball
Balk!
Waylon Adams to second
1-0: Called Strike
1-1: Ball
Wild Pitch!
Waylon Adams to third
2-1: Ball
3-1: Foul Ball, location: 2F
3-2: Strikes out swinging
Batting: LHB Héctor Cruz 0-0: Reached on Error, E6 (Popup, 56)
Waylon Adams scores
Batting: RHB Aaron Murray 0-0: Swinging Strike
0-1: Called Strike
0-2: Strikes out swinging
Batting: RHB Dave McGrath 0-0: Ball
1-0: Foul Ball, location: 2F
1-1: Swinging Strike
1-2: Foul Ball, location: 2F
1-2: Foul Ball, location: 2F
1-2: Strikes out looking
Bottom of the 2nd over - 6 run(s), 3 hit(s), 1 error(s), 1 left on base; Salem 0 - West Virginia 6
TOP OF THE 3RD
Salem Silver Souls batting - Pitching for West Virginia Power : RHP Brad Flores
Batting: SHB Francis Shaffer 0-0: Ball
1-0: Ball
2-0: Swinging Strike
2-1: Swinging Strike
2-2: Foul Ball, location: 2F
2-2: Strikes out swinging
Batting: LHB Jermaine Carter 0-0: Ground out 2-3 (Groundball, 15S)
Batting: RHB Mario Méndez 0-0: Called Strike
0-1: Called Strike
0-2: Ball
1-2: SINGLE (Line Drive, 56)
Batting: LHB Raúl Cordero 0-0: Foul Ball, location: 2F
0-1: Called Strike
0-2: SINGLE (Groundball, 56D)
Mario Méndez to second
Batting: LHB Millard Dye 0-0: Ball
1-0: Ground out 1-3 (Groundball, 13S)
Top of the 3rd over - 0 run(s), 2 hit(s), 0 error(s), 2 left on base; Salem 0 - West Virginia 6
BOTTOM OF THE 3RD
West Virginia Power batting - Pitching for Salem Silver Souls : RHP António Rodríguez
Batting: RHB Ben Dougherty 0-0: Ball
1-0: DOUBLE (Flyball, 89D)
Batting: RHB Jesse McKnight 0-0: Called Strike
0-1: Ball
1-1: Called Strike
1-2: Strikes out looking
Batting: RHB Tony Parker 0-0: Called Strike
0-1: Ball
1-1: SINGLE (Line Drive, 56D)
Ben Dougherty to third
Runner from 3rd tries for Home, SAFE, no throw or cutoff
Batting: LHB Lúcio Anaya 0-0: Called Strike
Tony Parker is caught stealing 2nd base
0-1: Foul Ball, location: 2F
0-2: Foul Ball, location: 2F
0-2: Ball
1-2: Fly out, F8 (Flyball, 8RM)
Bottom of the 3rd over - 1 run(s), 2 hit(s), 0 error(s), 0 left on base; Salem 0 - West Virginia 7
TOP OF THE 4TH
Salem Silver Souls batting - Pitching for West Virginia Power : RHP Brad Flores
Batting: LHB Ezechiele Bruno 0-0: Ball
1-0: Ball
2-0: Called Strike
2-1: Fly out, F3 (Popup, 13S)
Batting: RHB Gabriel Miranda 0-0: Called Strike
0-1: Ball
1-1: Ball
2-1: Foul Ball, location: 2F
2-2: Ball
3-2: Foul Ball, location: 2F
3-2: SOLO HOME RUN (Flyball, 7D), Distance : 354 ft
Batting: RHB Gustavo Pagán 0-0: Foul Ball, location: 2F
0-1: Ball
1-1: Ball
2-1: Fly out, F2 (Popup, 2L)
Batting: RHB Augusto Baiano 0-0: Ball
1-0: Called Strike
1-1: Ball
2-1: Foul Ball, location: 2F
2-2: Strikes out swinging
Top of the 4th over - 1 run(s), 1 hit(s), 0 error(s), 0 left on base; Salem 1 - West Virginia 7
BOTTOM OF THE 4TH
West Virginia Power batting - Pitching for Salem Silver Souls : RHP António Rodríguez
Batting: SHB Waylon Adams 0-0: Called Strike
0-1: Ball
1-1: SINGLE (Groundball, 34D)
Batting: LHB Júlio Martínez 0-0: Fly out, F7 (Line Drive, 7M)
Batting: LHB Héctor Cruz 0-0: Called Strike
0-1: Fielders Choice at 2nd, 4-6 (Groundball, 34)
Batting: RHB Aaron Murray 0-0: Swinging Strike
0-1: Ball
1-1: Ball
2-1: Fly out, F8 (Flyball, 89M)
Bottom of the 4th over - 0 run(s), 1 hit(s), 0 error(s), 1 left on base; Salem 1 - West Virginia 7
TOP OF THE 5TH
Salem Silver Souls batting - Pitching for West Virginia Power : RHP Brad Flores
Batting: SHB Francis Shaffer 0-0: Swinging Strike
0-1: Ball
1-1: Ball
2-1: Foul Ball, location: 2F
2-2: Fly out, F8 (Flyball, 8LS)
Batting: LHB Jermaine Carter 0-0: Foul Ball, location: 2F
0-1: Swinging Strike
0-2: Foul Ball, location: 2F
0-2: Foul Ball, location: 2F
0-2: Strikes out swinging
Batting: RHB Mario Méndez 0-0: Foul Ball, location: 2F
0-1: Foul Ball, location: 2F
0-2: Ball
1-2: Strikes out swinging
Top of the 5th over - 0 run(s), 0 hit(s), 0 error(s), 0 left on base; Salem 1 - West Virginia 7
BOTTOM OF THE 5TH
West Virginia Power batting - Pitching for Salem Silver Souls : RHP António Rodríguez
Batting: RHB Dave McGrath 0-0: Ball
1-0: Swinging Strike
1-1: Swinging Strike
1-2: Foul Ball, location: 2F
1-2: Ball
2-2: Ground out 5-3 (Groundball, 5S)
Batting: RHB Ben Dougherty 0-0: Called Strike
0-1: Fly out, F7 (Flyball, 78M)
Batting: RHB Jesse McKnight 0-0: Swinging Strike
0-1: Ball
1-1: Swinging Strike
1-2: Strikes out swinging
Bottom of the 5th over - 0 run(s), 0 hit(s), 0 error(s), 0 left on base; Salem 1 - West Virginia 7
TOP OF THE 6TH
Salem Silver Souls batting - Pitching for West Virginia Power : RHP Brad Flores
Batting: LHB Raúl Cordero 0-0: Ground out 4-3 (Groundball, 34)
Batting: LHB Millard Dye 0-0: Called Strike
0-1: Ball
1-1: Swinging Strike
1-2: Foul Ball, location: 2F
1-2: Ball
2-2: Strikes out swinging
Batting: LHB Ezechiele Bruno 0-0: Ball
1-0: Ball
2-0: Swinging Strike
2-1: Ball
3-1: Foul Ball, location: 2F
3-2: Base on Balls
Pitching: LHP Roberto Aguilar
Batting: RHB Gabriel Miranda 0-0: Ball
1-0: Ball
2-0: 2-RUN HOME RUN (Flyball, 78XD), Distance : 427 ft
Batting: RHB Gustavo Pagán 0-0: Called Strike
0-1: Ball
1-1: Ground out 5-3 (Groundball, 5)
Top of the 6th over - 2 run(s), 1 hit(s), 0 error(s), 0 left on base; Salem 3 - West Virginia 7
BOTTOM OF THE 6TH
West Virginia Power batting - Pitching for Salem Silver Souls : RHP António Rodríguez
Pitching: RHP Bob Bartell
Batting: RHB Tony Parker 0-0: Ball
1-0: Ball
2-0: Called Strike
2-1: Called Strike
2-2: Ground out U3 (Groundball, 3S)
Batting: LHB Lúcio Anaya 0-0: Called Strike
0-1: Ball
1-1: Foul Ball, location: 2F
1-2: Ball
2-2: Fly out, F7 (Flyball, 7M)
Batting: SHB Waylon Adams 0-0: Fly out, F6 (Popup, 56)
Bottom of the 6th over - 0 run(s), 0 hit(s), 0 error(s), 0 left on base; Salem 3 - West Virginia 7
TOP OF THE 7TH
Salem Silver Souls batting - Pitching for West Virginia Power : LHP Roberto Aguilar
Batting: RHB Augusto Baiano 0-0: Foul Ball, location: 2F
0-1: Ball
1-1: Called Strike
1-2: Foul Ball, location: 2F
1-2: Strikes out swinging
Batting: SHB Francis Shaffer 0-0: Ball
1-0: Fly out, F7 (Line Drive, 7D)
Batting: LHB Jermaine Carter 0-0: Ball
1-0: Ball
2-0: Called Strike
2-1: DOUBLE (Line Drive, 7LS)
Batting: RHB Mario Méndez 0-0: Foul Ball, location: 2F
0-1: Ball
1-1: Ball
2-1: Ball
3-1: Base on Balls
Batting: LHB Raúl Cordero 0-0: Ball
1-0: DOUBLE (Flyball, 9D)
Jermaine Carter scores
Mario Méndez to third
Runner from 3rd tries for Home, SAFE, no throw or cutoff
Batting: LHB Millard Dye 0-0: Ball
1-0: Ball
2-0: Ball
3-0: Swinging Strike
3-1: Swinging Strike
3-2: Strikes out looking
Top of the 7th over - 2 run(s), 2 hit(s), 0 error(s), 1 left on base; Salem 5 - West Virginia 7
BOTTOM OF THE 7TH
West Virginia Power batting - Pitching for Salem Silver Souls : RHP Bob Bartell
Batting: LHB Júlio Martínez 0-0: Ball
1-0: Ball
2-0: Swinging Strike
2-1: Swinging Strike
2-2: Foul Ball, location: 2F
2-2: Strikes out swinging
Batting: LHB Héctor Cruz 0-0: Ball
1-0: Ball
2-0: Foul Ball, location: 2F
2-1: SINGLE (Line Drive, 89S)
Batting: RHB Aaron Murray 0-0: Ball
1-0: Foul Ball, location: 2F
1-1: Called Strike
1-2: Strikes out looking
Batting: RHB Dave McGrath 0-0: Called Strike
0-1: Swinging Strike
0-2: Ball
1-2: Ball
2-2: Ball
3-2: Strikes out swinging
Bottom of the 7th over - 0 run(s), 1 hit(s), 0 error(s), 1 left on base; Salem 5 - West Virginia 7
TOP OF THE 8TH
Salem Silver Souls batting - Pitching for West Virginia Power : LHP Roberto Aguilar
Batting: LHB Ezechiele Bruno 0-0: Ball
1-0: Called Strike
1-1: Foul Ball, location: 2F
1-2: Strikes out swinging
Batting: RHB Gabriel Miranda 0-0: Ball
1-0: Swinging Strike
1-1: Ball
2-1: Ball
3-1: Base on Balls
Pitching: LHP Ricardo Guichardo
Batting: RHB Gustavo Pagán 0-0: Ball
1-0: Foul Ball, location: 2F
1-1: Reached on error, E1 (Groundball, 13)
Gabriel Miranda to second
Pitching: RHP Horace Jacobs
Pinch Hitting: LHB Lyle Wilson 0-0: Ball
1-0: Ball
2-0: Foul Ball, location: 2F
2-1: Swinging Strike
2-2: Strikes out swinging
Batting: SHB Francis Shaffer 0-0: Ball
1-0: Ball
2-0: Foul Ball, location: 2F
2-1: Swinging Strike
2-2: Foul Ball, location: 2F
2-2: Foul Ball, location: 2F
2-2: Foul Ball, location: 2F
2-2: Foul Ball, location: 2F
2-2: DOUBLE (Line Drive, 9LS)
Gabriel Miranda scores
Gustavo Pagán to third
Batting: LHB Jermaine Carter 0-0: Ball
1-0: Ball
2-0: Called Strike
2-1: Called Strike
2-2: Fly out, F8 (Flyball, 8LM)
Top of the 8th over - 1 run(s), 1 hit(s), 1 error(s), 2 left on base; Salem 6 - West Virginia 7
BOTTOM OF THE 8TH
West Virginia Power batting - Pitching for Salem Silver Souls : RHP Bob Bartell
Pitching: RHP Jeff Hansen
Now at 2B: Adam Thomas
Batting: RHB Ben Dougherty 0-0: Called Strike
0-1: SINGLE (Line Drive, 4D)
Batting: RHB Jesse McKnight 0-0: Ball
1-0: Sac Bunt - play at first, batter OUT! 1-4
Ben Dougherty to second
Pinch Hitting: RHB Roberto Tobías 0-0: Intentional Walk
Batting: LHB Lúcio Anaya 0-0: Ball
Single, Error in OF, E9, batter to second base
Ben Dougherty scores
Roberto Tobías to third
Batting: SHB Waylon Adams 0-0: Intentional Walk
Batting: LHB Júlio Martínez 0-0: Called Strike
0-1: Ball
1-1: Ball
2-1: Foul Ball, location: 2F
2-2: Hit by Pitch
Roberto Tobías scores
Lúcio Anaya to third
Waylon Adams to second
Batting: LHB Héctor Cruz 0-0: Swinging Strike
0-1: Ball
1-1: Ball
2-1: Ball
3-1: SINGLE (Line Drive, 7S)
Lúcio Anaya scores
Waylon Adams to third
Júlio Martínez to second
Runner from 3rd tries for Home, SAFE, throw made home
Júlio Martínez to third
Héctor Cruz to second
Pitching: RHP Patrick Williamson
Batting: RHB Aaron Murray 0-0: Ball
1-0: Ball
2-0: Ball
3-0: Called Strike
3-1: Foul Ball, location: 2F
3-2: Foul Ball, location: 2F
3-2: Strikes out swinging
Batting: RHB Dave McGrath 0-0: SINGLE (Line Drive, 6M)
Júlio Martínez scores
Héctor Cruz to third
Batting: RHB Ben Dougherty 0-0: Foul Ball, location: 2F
0-1: Foul Ball, location: 2F
0-2: Strikes out looking
Bottom of the 8th over - 5 run(s), 4 hit(s), 1 error(s), 2 left on base; Salem 6 - West Virginia 12
TOP OF THE 9TH
Salem Silver Souls batting - Pitching for West Virginia Power : RHP Horace Jacobs
Now at 3B: Ron Guillén
Now in LF: Héctor Soto
Batting: RHB Mario Méndez 0-0: Ball
1-0: Ball
2-0: Called Strike
2-1: Called Strike
2-2: Fly out, F3 (Popup, 3F)
Batting: LHB Raúl Cordero 0-0: Swinging Strike
0-1: Called Strike
0-2: Ball
1-2: Ground out 4-3 (Groundball, 4)
Batting: LHB Millard Dye 0-0: Called Strike
0-1: SOLO HOME RUN (Flyball, 89XD), Distance : 431 ft
Batting: LHB Ezechiele Bruno 0-0: Foul Ball, location: 2F
0-1: Foul Ball, location: 2F
0-2: Foul Ball, location: 2F
0-2: Strikes out swinging
Top of the 9th over - 1 run(s), 1 hit(s), 0 error(s), 0 left on base; Salem 7 - West Virginia 12
Monday, December 5th, 2016 - OOTP Baseball 17.12 Build 75